 Dungeon Crawl Stone Soup version 0.26.0-20-g3ca415f5b8 (webtiles) character file.

Game seed: 14357989465414424864

7375 H0rd4k the Thaumaturge (level 10, -4/50 HPs)
             Began as a Deep Elf Hedge Wizard on Jan 25, 2021.
             Was an Initiate of Gozag.
             Slain by a tengu warrior
             ... wielding a +1 great sword
              (30 damage)
             ... on level 11 of the Dungeon.
             The game lasted 00:37:40 (16061 turns).

H0rd4k the Thaumaturge (Deep Elf Hedge Wizard)     Turns: 16061, Time: 00:37:41

Health: -4/50      AC:  6    Str:  7    XL:     10   Next: 92%
Magic:  31/39      EV: 14    Int: 23    God:    Gozag
Gold:   1106       SH:  0    Dex: 14    Spells: 25/37 levels left

rFire    . . .     SeeInvis +   z - +11 hunting sling "Rucsusil" {flame, SInv}
rCold    . . .     Faith    .   (no shield)
rNeg     + . .     Spirit   .   b - +0 robe
rPois    +         Reflect  .   u - +1 helmet of Curiosity {Harm *Slow rPois rN+}
rElec    .         Harm     +   (no cloak)
rCorr    .         Rampage  .   (no gloves)
Will     +....                  j - +1 pair of boots
Stlth    +++.......             G - amulet of the acrobat
HPRegen  0.16/turn              B - ring of magical power
MPRegen  0.26/turn              x - ring of see invisible

@: gold aura
A: no striking features
a: Renounce Religion, Potion Petition, Call Merchant, Bribe Branch


You were on level 11 of the Dungeon.
You worshipped Gozag.
Gozag was most pleased with you.
You visited 2 branches of the dungeon, and saw 12 of its levels.

You collected 1717 gold pieces.
You spent 546 gold pieces at shops.
You paid 65 gold pieces to Gozag.

Inventory:

Hand Weapons
 i - a +1 dagger of electrocution
 y - the +2 war axe "Feim" {vorpal, rElec}
   (You found it on level 5 of the Dungeon)

   It inflicts extra damage upon your enemies.
   It insulates you from electricity.
 z - the +11 hunting sling "Rucsusil" (weapon) {flame, SInv}
   (You bought it in a shop on level 4 of the Dungeon)

   It causes projectiles fired from it to burn those they strike, causing extra
   injury to most foes and up to half again as much damage against particularly
   susceptible opponents.
   It lets you see invisible.
Missiles
 a - 27 sling bullets (quivered ammo)
Armour
 b - a +0 robe (worn)
 c - a +0 hat
 j - a +1 pair of boots (worn)
 u - the +1 helmet of Curiosity (worn) {Harm *Slow rPois rN+}
   (You found it on level 5 of the Dungeon)

   It protects you from poison.
   It protects you from negative energy.
   It may slow you when you take damage.
   It increases damage dealt and taken.
Magical Staves
 F - an uncursed staff of earth
Jewellery
 x - a ring of see invisible (right hand)
 B - a ring of magical power (left hand)
 G - an amulet of the acrobat (around neck)
Wands
 d - a wand of iceblast (3)
 h - a wand of paralysis (15)
 o - a wand of polymorph (18)
 q - a wand of digging (6)
Scrolls
 f - a scroll of teleportation
 g - 9 scrolls of remove curse
 r - a scroll of acquirement {unknown}
 s - 4 scrolls of fog
 A - a scroll of enchant armour {unknown}
 C - 2 scrolls of immolation {unknown}
 D - a scroll of identify
 H - 2 scrolls of fear {unknown}
 I - 4 scrolls of enchant weapon {unknown}
 J - a scroll of amnesia {unknown}
Potions
 k - a potion of ambrosia
 l - 4 potions of curing
 m - a potion of lignification
 n - a potion of heal wounds
 p - 5 potions of magic
 t - 2 potions of resistance
 v - 4 potions of brilliance
 w - 2 potions of might
 E - a potion of attraction {unknown}
 K - a potion of flight {unknown}
Miscellaneous
 e - a phantom mirror


   Skills:
 - Level 0.7 Axes
 + Level 4.4 Dodging
 + Level 5.7 Stealth
 + Level 14.3 Spellcasting
 + Level 9.2 Conjurations
 + Level 1.1 Summonings
 + Level 4.1 Translocations
 + Level 4.4 Fire Magic
 + Level 3.0 Air Magic
 + Level 4.1 Poison Magic
 + Level 1.5 Evocations


You had 25 spell levels left.
You knew the following spells:

 Your Spells              Type           Power        Failure   Level
a - Magic Dart            Conj           100%         1%          1
b - Blink                 Tloc           N/A          1%          2
c - Conjure Flame         Conj/Fire      48%          1%          3
d - Mephitic Cloud        Conj/Pois/Air  41%          1%          3
e - Tukima's Dance        Hex            16%          11%         3

Your spell library contained the following spells:

 Spells                   Type           Power        Failure   Level
 Apportation              Tloc           70%          1%          1
 Sting                    Tmut/Pois      100%         1%          1
 Poisonous Vapours        Pois/Air       66%          1%          2
 Lesser Beckoning         Tloc           17%          1%          3
 Beastly Appendage        Tmut           32%          3%          1
 Call Imp                 Summ           21%          3%          2
 Ignite Poison            Fire/Tmut/Pois 29%          3%          3
 Spider Form              Tmut/Pois      13%          4%          3
 Slow                     Hex            16%          5%          2
 Wereblood                Tmut           16%          5%          2
 Olgreb's Toxic Radiance  Pois           35%          6%          4
 Ice Form                 Ice/Tmut       16%          34%         4
 Alistair's Intoxication  Tmut/Pois      17%          38%         5
 Blade Hands              Tmut           8%           69%         5
 Invisibility             Hex            16%          99%         6


Dungeon Overview and Level Annotations

Branches:
Dungeon (11/15)            Temple (1/1) D:4            Lair (0/6) D:10
    Orc: D:9-12

Altars:
Ashenzari
Cheibriados
Dithmenos
Elyvilon
Fedhas
Gozag
Kikubaaqudgha
Makhleb
Nemelex Xobeh
Ru
Sif Muna
Xom
Yredelemnul
Lugonu

Shops:
D:4 *

Annotations:
D:5 exclusion: downstairs
D:7 Joseph
D:10 exclusion: downstairs, Fannar


Message History

Press: ? - help, Shift-Dir - straight line, f/p - tengu warrior
Aim: a tengu warrior, wielding a +1 great sword and wearing a +0 leather armour (flame, moderately wounded, confused, 0% to evade)
The magic dart hits the tengu warrior.
The tengu warrior is moderately wounded.
The tengu warrior seems less confused.
The tengu warrior is engulfed in blazing flames.
The tengu warrior hits you with a +1 great sword!
The tengu warrior pecks you. The tengu warrior barely misses you.
Casting: Magic Dart (safe; 1% risk of failure)
Confirm with . or Enter, or press ? or * to list all spells.
Aiming: Magic Dart (safe; 1% risk of failure)
Press: ? - help, Shift-Dir - straight line, f/p - tengu warrior
Aim: a tengu warrior, wielding a +1 great sword and wearing a +0 leather armour (flame, severely wounded, 0% to evade)
The magic dart hits the tengu warrior but does no damage.
The tengu warrior is severely wounded.
The tengu warrior is engulfed in blazing flames.
The tengu warrior hits you with a +1 great sword!!
Ouch! That really hurt!
You die...
Your body crumbles into a pile of gold.

#................#...#.....
#................#...#.....
#................'...#.....
#................#...#.....
#..........<.....#...#.....
#................#...#.....
#................######....
#############'#.....###....
*.......Q@...'.....#......
*.....○○#....#.....#......
*.....☼.#....#.....#......
*.......#....#.....#......
*...##..###'##.....#######
*##**#..*#................
*...,#................
*...,#..(.............
*,,,,#................


You could see a tengu warrior.

Vanquished Creatures
  2 two-headed ogres
  An unseen horror (D:11)
  A centaur zombie (D:11)
  A kobold demonologist (D:11)
  A tengu conjurer (D:11)
  Prince Ribbit (D:6)
  Eustachio (D:6)
  A steam dragon (D:11)
  Grum (D:9)
  A water moccasin (D:7)
  2 orc warriors
  A black bear (D:7)
  2 ice beasts
  A necrophage (D:6)
  4 sky beasts
  3 wolves (D:9)
  5 ogres
  3 centaurs
  5 bullfrogs
  2 scorpions (D:6)
  8 killer bees
  9 wights
  2 howler monkeys
  A quasit (D:10)
  3 hounds
  A jelly (D:5)
  4 orc priests
  2 bullfrog skeletons
  5 orc wizards
  2 centaur skeletons
  4 iguanas
  9 worker ants
  A hound zombie (D:7)
  A hound skeleton (D:8)
  A worker ant zombie (D:6)
  Robin (D:3)
  7 adders
  8 gnolls
  2 shadow imps (D:7)
  2 white imps
  An ufetubus (D:6)
  2 adder skeletons
  2 adder zombies
  4 worms
  A dart slug (D:2)
  2 leopard geckos
  29 orcs
  6 giant cockroaches
  17 goblins
  10 hobgoblins
  6 jackals
  8 kobolds
  3 quokkas
  A ball python (D:1)
  7 bats
  2 frilled lizards
  A leopard gecko skeleton (D:5)
  A quokka skeleton (D:9)
  7 rats
222 creatures vanquished.

Vanquished Creatures (others)
  A plant (D:10)
1 creature vanquished.

Grand Total: 223 creatures vanquished

Notes
Turn   | Place    | Note
-------+----------+-------------------------------------------
     0 | D:1      | H0rd4k the Deep Elf Hedge Wizard began the quest for the
                  | Orb.
     0 | D:1      | Reached XP level 1. HP: 10/10 MP: 7/7
   440 | D:1      | Reached XP level 2. HP: 15/15 MP: 6/9
   523 | D:1      | Reached skill level 5 in Spellcasting
  1171 | D:2      | Reached XP level 3. HP: 19/19 MP: 1/11
  1174 | D:2      | Learned a level 2 spell: Blink
  1178 | D:2      | Learned a level 3 spell: Conjure Flame
  1182 | D:2      | Learned a level 3 spell: Mephitic Cloud
  1948 | D:2      | Reached XP level 4. HP: 24/24 MP: 9/13
  2731 | D:3      | Reached skill level 1 in Poison Magic
  2962 | D:3      | Reached skill level 1 in Air Magic
  3065 | D:3      | Noticed Robin
  3142 | D:4      | Found Tyatwu Muagu's Assorted Antiques.
  3168 | D:3      | Found a shimmering blue altar of Sif Muna.
  3367 | D:4      | Reached skill level 6 in Spellcasting
  3526 | D:4      | Found a white marble altar of Elyvilon.
  3565 | D:4      | Reached XP level 5. HP: 28/28 MP: 5/15
  3865 | D:4      | Reached skill level 1 in Fire Magic
  3976 | D:4      | Found a staircase to the Ecumenical Temple.
  4003 | D:4      | Found a broken altar of Ashenzari.
  4019 | D:4      | Noticed an ogre
  4050 | Temple   | Entered the Ecumenical Temple
  4109 | Temple   | Became a worshipper of Gozag Ym Sagoz the Greedy
  4311 | D:5      | Entered Level 5 of the Dungeon
  4311 | D:5      | Noticed an ogre
  4569 | D:4      | Killed an ogre
  4570 | D:4      | Reached XP level 6. HP: 32/32 MP: 5/17
  4716 | D:4      | Reached skill level 7 in Spellcasting
  5584 | D:5      | Found an ancient bone altar of Kikubaaqudgha.
  5584 | D:5      | Found a snail-covered altar of Cheibriados.
  5602 | D:5      | Noticed an ice beast
  5617 | D:5      | Killed an ice beast
  5618 | D:5      | Reached XP level 7. HP: 36/36 MP: 5/20
  5761 | D:5      | Got a heavily runed helmet
  5772 | D:5      | Identified the +1 helmet of Curiosity {Harm *Slow rPois
                  | rN+} (You found it on level 5 of the Dungeon)
  5940 | D:5      | Reached skill level 8 in Spellcasting
  6335 | D:5      | Got a slimy war axe
  6336 | D:5      | Identified the cursed +2 war axe "Feim" {vorpal, rElec}
                  | (You found it on level 5 of the Dungeon)
  6517 | D:6      | Reached skill level 9 in Spellcasting
  6702 | D:6      | Noticed Prince Ribbit
  6715 | D:6      | Reached XP level 8. HP: 41/41 MP: 17/23
  6814 | D:6      | Killed Prince Ribbit
  6815 | D:6      | Reached skill level 10 in Spellcasting
  6815 | D:6      | Reached skill level 5 in Conjurations
  7355 | D:6      | Noticed Eustachio
  7391 | D:6      | Killed Eustachio
  7552 | D:6      | Reached skill level 11 in Spellcasting
  8177 | D:7      | Reached XP level 9. HP: 45/45 MP: 24/26
  8468 | D:7      | Noticed Joseph
  9246 | D:8      | Found a shadowy altar of Dithmenos.
  9546 | D:8      | Reached skill level 12 in Spellcasting
 10521 | D:8      | Found a burning altar of Makhleb.
 10690 | D:9      | Noticed a boulder beetle
 10701 | D:10     | Entered Level 10 of the Dungeon
 10950 | D:11     | Learned a level 3 spell: Tukima's Dance
 11267 | D:10     | Found a blossoming altar of Fedhas.
 11277 | D:10     | Noticed a two-headed ogre
 11386 | D:10     | Killed a two-headed ogre
 11387 | D:10     | Reached skill level 5 in Stealth
 11767 | D:10     | Reached XP level 10. HP: 46/50 MP: 22/28
 11771 | D:10     | Reached skill level 1 in Evocations
 11887 | D:10     | Noticed Fannar
 12224 | D:10     | Found a staircase to the Lair.
 12720 | D:9      | Noticed Grum
 12749 | D:9      | Killed Grum
 13060 | D:9      | Found a sparkling altar of Nemelex Xobeh.
 13119 | D:9      | Reached skill level 13 in Spellcasting
 13266 | D:9      | Noticed a cyan ugly thing
 13859 | D:4      | Bought a scroll labelled TORICV BIBB for 28 gold pieces
 13859 | D:4      | Bought a long wooden wand for 112 gold pieces
 13859 | D:4      | Bought a bloodstained hunting sling for 182 gold pieces
 13859 | D:4      | Bought a potion of curing for 84 gold pieces
 13859 | D:4      | Bought a scroll of identify for 56 gold pieces
 13859 | D:4      | Bought a scroll labelled WORAOL IPINA for 28 gold pieces
 13859 | D:4      | Bought a scroll of identify for 56 gold pieces
 13860 | D:4      | Identified the +11 hunting sling "Rucsusil" {flame, SInv}
                  | (You bought it in a shop on level 4 of the Dungeon)
 13891 | D:3      | Killed Robin
 14261 | D:3      | Found a shimmering altar of Xom.
 15197 | D:11     | Noticed a two-headed ogre
 15205 | D:11     | Killed a two-headed ogre
 15266 | D:11     | Noticed an unseen horror
 15575 | D:11     | Killed an unseen horror
 15576 | D:11     | Reached skill level 14 in Spellcasting
 16051 | D:11     | Noticed a tengu warrior
 16061 | D:11     | Slain by a tengu warrior

Illustrated notes

Levels and vault maps discovered:
D:1:      dpeg_arrival_short_road, layout_rooms, hex_large
D:2:      layout_loops_ring
D:3:      layout_rooms, nicolae_overflow_hidden_temple, general_overflow_altar,
          uniq_robin
D:4:      layout_gridville, overflow_temple_1_default, elyvilon_altar_5,
          temple_pool_b, serial_shops, shop, serial_co_window_serial,
          co_window_paths_b, co_window_of_opportunity_a, co_window_corner_a,
          co_window_paths_a, co_window_paths_a, co_window_paths_b,
          co_window_paths_a, co_window_corner_cb, co_window_corner_b,
          co_window_paths_c, co_window_unsneaky_path_a,
          co_window_of_opportunity_b, co_window_4corner_a, co_window_paths_d,
          glass_columns_c, glass_columns_a, glass_columns_a
D:5:      layout_basic, kiku_gazebo_pond_becter, cheibriados_altar_1,
          minmay_crystal_water, st_stairs_6
D:6:      layout_rooms, uniq_eustachio, uniq_prince_ribbit1
D:7:      layout_loops_ring, minmay_stone_trees_small, uniq_joseph
D:8:      layout_loops_ring, kennysheep_mini, grunt_dithmenos_smoke_and_mirrors
D:9:      layout_irregular_city, nemelex_altar_shiori,
          gammafunk_temple_overflow_claw, minmay_orc_entry_guard_dogs,
          ebering_ghost_xom, uniq_grum
D:10:     layout_stronghold, lair_entry_dummy, fedhas_altar_1, uniq_fannar
D:11:     layout_gridville
Temple:   kb_corrupted_temple

Skill      XL: |  1  2  3  4  5  6  7  8  9 10 |
---------------+-------------------------------+-----
Spellcasting   | 5 6 7 9 11 12 14 | 14.3
Dodging        | 3 4 |  4.4
Poison Magic   | 2 3 4 |  4.1
Air Magic      | 1 2 3 |  3.0
Conjurations   | 2 3 4 6 8 9 |  9.2
Fire Magic     | 2 3 4 |  4.4
Stealth        | 3 5 |  5.7
Translocations | 2 4 |  4.1
Evocations     | 1 |  1.5
Axes           | |  0.7
Summonings     | |  1.1

Action                   |  1- 3 |  4- 6 |  7- 9 | 10-12 || total
-------------------------+-------+-------+-------+-------++-------
Melee: Dagger            |     6 |       |       |       ||     6
       War axe           |       |       |     8 |       ||     8
 Cast: Magic Dart        |   116 |   209 |   323 |   217 ||   865
       Conjure Flame     |       |     7 |    42 |    23 ||    72
       Mephitic Cloud    |       |     7 |    30 |    23 ||    60
       Blink             |       |     2 |    12 |    25 ||    39
Evoke: Wand              |       |       |     6 |     9 ||    15
  Use: Scroll            |       |       |    13 |     5 ||    18
       Potion            |       |       |     1 |       ||     1
 Stab: Paralysed         |       |       |     8 |       ||     8
Armor: Robe              |    15 |       |     9 |     6 ||    30
Dodge: Dodged            |    38 |    32 |    37 |    66 ||   173
